 Dungeon Crawl Stone Soup version 0.26.0-18-gc5c842f807 (webtiles) character file.

Game seed: 6925997140693147803

76587 sipior the Thaumaturge (level 15, -4/94 HPs)
             Began as a Tengu Air Elementalist on Jan 22, 2021.
             Was a High Priest of Vehumet.
             Collided with a crystal wall (14 damage)
             ... caused by a wretched star
             ... on level 2 of the Abyss on Jan 23, 2021.
             The game lasted 02:30:26 (29750 turns).

sipior the Thaumaturge (Tengu Air Elementalist)    Turns: 29750, Time: 02:30:26

Health: -4/94      AC: 12    Str: 18    XL:     15   Next: 54%
Magic:  7/40       EV: 14    Int: 18    God:    Vehumet [*****.]
Gold:   2121       SH: 17    Dex: 14    Spells: 0/37 levels left

rFire    + + +     SeeInvis +   a - +7 demon blade (freeze)
rCold    . . .     Faith    .   z - +0 kite shield of Indemnity {rPois Regen+ Str+4 Int-4}
rNeg     . . .     Spirit   .   t - +1 ring mail "Haaminusch" {Rampage Will+ Int+3}
rPois    +         Reflect  +   (helmet restricted)
rElec    .         Harm     .   U - +2 cloak
rCorr    .         Rampage  +   o - +2 pair of gloves
Will     ++...                  (boots unavailable)
Stlth    +.........             V - amulet of reflection
HPRegen  0.65/turn              l - ring of Duto {rPois rF+++ MP+9 Dex-2 SInv}
MPRegen  0.27/turn              I - ring of Bollup {Wiz Str+2 Dex+2}

@: flying quickly and evasively, quick
A: beak, talons 3, [blurry vision 2], [no potion heal 2], [subdued magic 2],
able to fly
a: Stop Flying, Renounce Religion


You were on level 2 of the Abyss.
You worshipped Vehumet.
Vehumet was extremely pleased with you.
You visited 3 branches of the dungeon, and saw 20 of its levels.
You visited the Abyss 1 time.
You also visited: Bailey.

You collected 2401 gold pieces.
You spent 280 gold pieces at shops.

Inventory:

Hand Weapons
 a - a +7 demon blade of freezing (weapon)
Missiles
 D - 46 poisoned darts
 H - 2 curare-tipped darts
 J - 7 throwing nets
Armour
 o - a +2 pair of gloves (worn)
 t - the +1 ring mail "Haaminusch" (worn) {Rampage Will+ Int+3}
   (You found it on level 7 of the Dungeon)

   It affects your intelligence (+3).
   It affects your willpower, your defense against some magical effects.
   It bestows one free step when moving towards enemies.
 z - the +0 kite shield of Indemnity (worn) {rPois Regen+ Str+4 Int-4}
   (You acquired it on level 6 of the Dungeon)

   It affects your strength (+4).
   It affects your intelligence (-4).
   It protects you from poison.
   It increases your rate of regeneration.
 U - a +2 cloak (worn)
Jewellery
 b - an uncursed amulet of magic regeneration {unknown}
 d - an uncursed ring of protection from cold
 l - the ring of Duto (left hand) {rPois rF+++ MP+9 Dex-2 SInv}
   (You found it on level 12 of the Dungeon)

   [ring of magical power]

   It affects your dexterity (-2).
   It renders you almost immune to fire.
   It protects you from poison.
   It affects your magic capacity (+9).
   It lets you see invisible.
 I - the ring of Bollup (right hand) {Wiz Str+2 Dex+2}
   (You took it off a gnoll sergeant in a bailey)

   [ring of wizardry]

   It improves your spell success rate.
   It affects your strength (+2).
   It affects your dexterity (+2).
 T - an uncursed amulet of the acrobat {unknown}
 V - an amulet of reflection (around neck)
Wands
 s - a wand of acid (9)
 u - a wand of polymorph (29)
 w - a wand of random effects (48)
 C - a wand of paralysis (12)
 Q - a wand of flame (36)
 S - a wand of enslavement (11)
Scrolls
 m - a scroll of blinking
 v - a scroll of holy word
 y - 3 scrolls of fog
 B - 5 scrolls of remove curse
 F - 3 scrolls of torment
 L - a scroll of summoning
 N - 4 scrolls of magic mapping
 O - 5 scrolls of teleportation
 W - a scroll of fear
 X - a scroll of enchant armour
Potions
 f - 6 potions of heal wounds
 g - 5 potions of curing
 h - 2 potions of resistance
 i - 3 potions of haste
 j - 7 potions of attraction
 k - 2 potions of berserk rage
 p - 2 potions of invisibility
 q - 5 potions of brilliance
 r - 5 potions of mutation
 A - 3 potions of lignification
 E - 3 potions of might
 G - a potion of cancellation
 M - a potion of magic
Miscellaneous
 P - a lightning rod (4/4)


   Skills:
 + Level 11.1 Fighting
 + Level 11.5 Long Blades
 - Level 4.1 Dodging
 - Level 2.0 Stealth
 + Level 11.4 Shields
 + Level 11.8 Spellcasting
 - Level 10.0 Conjurations
 - Level 6.0 Summonings
 - Level 5.4 Necromancy
 + Level 3.0 Translocations
 - Level 4.0 Ice Magic
 - Level 10.0 Air Magic
 + Level 4.5 Poison Magic


You couldn't memorise any spells.
You knew the following spells:

 Your Spells              Type           Power        Failure   Level
a - Shock                 Conj/Air       100%         1%          1
b - Swiftness             Air            29%          1%          2
c - Static Discharge      Conj/Air       29%          1%          3
d - Airstrike             Air            14%          1%          4
e - Lightning Bolt        Conj/Air       14%          1%          5
f - Ozocubu's Armour      Ice            15%          2%          3
g - Vampiric Draining     Necr           9%           1%          3
h - Animate Skeleton      Necr           36%          1%          1
i - Olgreb's Toxic Radia  Pois           16%          2%          4
j - Frozen Ramparts       Ice            30%          1%          3
k - Mephitic Cloud        Conj/Pois/Air  25%          1%          3
l - Summon Lightning Spi  Summ/Air       24%          1%          4
m - Apportation           Tloc           26%          1%          1

Your spell library contained the following spells:

 Spells                   Type           Power        Failure   Level
 Iskenderun's Battlesphe  Conj           29%          1%          5
 Foxfire                  Conj/Fire      68%          1%          1
 Freeze                   Ice            60%          1%          1
 Magic Dart               Conj           100%         1%          1
 Pain                     Necr           72%          1%          1
 Summon Small Mammal      Summ           80%          1%          1
 Call Imp                 Summ           20%          1%          2
 Call Canine Familiar     Summ           20%          1%          3
 Hailstorm                Conj/Ice       22%          1%          4
 Gell's Gravitas          Tloc           6%           4%          3
 Summon Guardian Golem    Hex/Summ       13%          4%          3
 Corona                   Hex            6%           5%          1
 Inner Flame              Hex/Fire       6%           5%          3
 Animate Dead             Necr           9%           6%          4
 Summon Ice Beast         Ice/Summ       17%          7%          4
 Slow                     Hex            6%           9%          2
 Portal Projectile        Hex/Tloc       20%          9%          3
 Confusing Touch          Hex            6%           17%         3
 Agony                    Necr           18%          17%         5
 Silence                  Hex/Air        8%           21%         5
 Yara's Violent Unravell  Hex/Tmut       3%           38%         5
 Cause Fear               Hex            3%           50%         4
 Leda's Liquefaction      Hex/Erth       3%           50%         4
 Petrify                  Tmut/Erth      6%           50%         4
 Metabolic Englaciation   Hex/Ice        5%           58%         5
 Discord                  Hex            3%           100%        8


Dungeon Overview and Level Annotations

Branches:
Dungeon (13/15)            Temple (1/1) D:6            Lair (6/6) D:10
  Swamp (0/4) Lair:2       Spider (0/4) Lair:2        Slime (0/5) Lair:5
    Orc (0/2) D:10         Bailey (visited)
 Vaults: D:13-14

Altars:
Ashenzari
Cheibriados
Dithmenos
Elyvilon
Fedhas
Gozag
Hepliaklqana
Kikubaaqudgha
Makhleb
Nemelex Xobeh
Okawaru
Qazlal
Ru
Sif Muna
Trog
Uskayaw
Vehumet
Wu Jian
Xom
Yredelemnul
Zin
The Shining One
Beogh
Jiyva

Shops:
D:4 *   D:7 :   D:9 :

Annotations:
D:11 1 runed translucent door
Lair:3 Rupert


Innate Abilities, Weirdness & Mutations

You have a beak for a mouth.
You have claws for feet.
You can fly continuously.
[Scrolls take you longer to read.]
[Potions are poor at restoring your health.]
[Your spells are easier to cast, but less powerful.]


Message History

Casting: Lightning Bolt (mildly dangerous; 1% risk of failure)
Confirm with . or Enter, or press ? or * to list all spells.
Aiming: Vampiric Draining (safe; 1% risk of failure)
Press: ? - help, Shift-Dir - straight line, f - wretched star
Aim: a wretched star (almost destroyed)
You can't drain life from that!
You hit the wretched star.
You claw the wretched star, but do no damage.
The wretched star is almost destroyed.
The wretched star pulses with an eldritch light!
Your vision blurs. x2
You hit the wretched star. You freeze the wretched star.
Your peck misses the wretched star.
The wretched star is almost destroyed.
The wretched star glows turbulently.
The lance of force hits you!!
* * * LOW HITPOINT WARNING * * *
You are knocked back by the lance of force.
You slam into the crystal wall!
You die...

.##. .# #
.. . ..
##....## ..
##..##.# .
. ....#*
#x#....# ##
#..........
###G#####..
####*# ..
#..@#.# #
#.#.# .# .
# ### . #
#.# #.. . #
..


You could see a wretched star and an eye of draining.

Vanquished Creatures
  A tentacled starspawn (Abyss:2)
  Nessos (Lair:4)
  The ghost of Elebi the Grappler, a journeyman DrTm of Yredelemnul (Lair:2)
  Snorg (Lair:3)
  Erolcha (D:11)
  8 hydras
  2 boulder beetles (D:12)
  The ghost of boracarina the Slinger, a journeyman HaHu of Fedhas (D:8)
  2 catoblepae
  A merfolk avatar (Lair:6)
  2 centaur warriors (D:13)
  2 two-headed ogres
  18 death yaks
  A wizard (D:13)
  An ugly thing (D:13)
  3 manticores
  2 cyclopes
  2 oklob plants (Lair:4)
  12 elephants
  An eye of devastation (Abyss:2)
  2 gargoyles
  A guardian serpent (shapeshifter) (Abyss:2)
  9 black mambas
  20 cane toads
  18 komodo dragons
  A rime drake (Lair:6)
  A meliai (D:11)
  A wind drake (Lair:6)
  3 jumping spiders (Lair:2)
  4 polar bears
  7 trolls
  4 hornets
  13 blink frogs
  2 wraiths
  5 redbacks
  3 basilisks
  29 yaks
  3 wyverns
  A steam dragon (Lair:3)
  A soldier ant (D:12)
  2 wargs
  25 water moccasins
  2 black bears
  4 sky beasts
  11 orc warriors
  2 ice beasts
  2 necrophages
  2 phantoms
  14 wolves
  5 ogres
  2 centaurs
  A small abomination (Abyss:2)
  14 bullfrogs
  2 big kobolds
  9 gnoll sergeants
  Blork the orc (D:4)
  2 scorpions
  13 killer bees
  12 wights
  3 howler monkeys
  A centaur zombie (D:12)
  3 bullfrog zombies
  2 centaur skeletons
  9 orc priests
  9 hounds
  3 jellies
  A quasit (D:10)
  A bullfrog skeleton (D:13)
  The ghost of Stixsmaster the Caller, a weakling FeSu (D:3)
  6 gnoll shamans (Bailey)
  11 orc wizards
  Ijyb (D:4)
  2 iguanas
  6 worker ants
  4 hell rats
  A killer bee zombie (D:6)
  2 hound zombies
  4 hound skeletons
  2 worker ant zombies
  18 gnolls
  13 adders
  3 shadow imps
  3 white imps
  An ufetubus (D:6)
  3 adder zombies
  An ooze (D:4)
  A worm (D:5)
  2 dart slugs
  5 leopard geckos
  55 orcs
  7 bats
  5 giant cockroaches
  6 goblins
  6 hobgoblins
  13 jackals
  13 kobolds
  3 quokkas
  A ball python (D:1)
  A frilled lizard (D:1)
  A leopard gecko skeleton (D:3)
  9 rats
558 creatures vanquished.

Vanquished Creatures (collateral kills)
  Gastronok (D:11)
  An ugly thing (D:11)
2 creatures vanquished.

Vanquished Creatures (others)
  5 foxfires
  64 fungi
  114 plants
183 creatures vanquished.

Grand Total: 743 creatures vanquished

Notes
Turn   | Place    | Note
-------+----------+-------------------------------------------
     0 | D:1      | sipior the Tengu Air Elementalist began the quest for the
                  | Orb.
     0 | D:1      | Reached XP level 1. HP: 10/10 MP: 4/4
    43 | D:1      | Noticed a worker ant
    43 | D:1      | Noticed a black bear
    44 | D:1      | Noticed a swamp worm
    44 | D:1      | Noticed a wyvern
   251 | D:1      | Reached XP level 2. HP: 16/16 MP: 3/6
   282 | D:1      | Learned a level 2 spell: Swiftness
   957 | D:1      | Reached XP level 3. HP: 18/20 MP: 5/7
  1092 | D:2      | Found an opulent altar of Gozag.
  1172 | D:2      | Reached skill level 1 in Fighting
  1398 | D:2      | Found an ancient bone altar of Kikubaaqudgha.
  1726 | D:2      | Found a shimmering altar of Xom.
  1912 | D:2      | Learned a level 3 spell: Static Discharge
  1964 | D:2      | Reached XP level 4. HP: 18/25 MP: 2/8
  2728 | D:3      | Found a runed translucent gate.
  2731 | D:3      | Found a runed translucent gate.
  2731 | D:3      | Found a runed translucent gate.
  2732 | D:3      | Noticed Stixsmaster's ghost (weakling FeSu)
  2747 | D:3      | Found a shadowy altar of Dithmenos.
  2775 | D:3      | Gained mutation: You can fly continuously. [Tengu growth]
  2775 | D:3      | Reached XP level 5. HP: 27/30 MP: 1/10
  3263 | D:4      | Noticed Blork the orc
  3274 | D:4      | Killed Blork the orc
  3275 | D:4      | Reached skill level 5 in Air Magic
  3405 | D:4      | Noticed Ijyb
  3418 | D:4      | Found an iron altar of Okawaru.
  3639 | D:4      | Found Qurig's General Store.
  3654 | D:4      | Reached XP level 6. HP: 34/35 MP: 11/11
  4040 | D:4      | Killed Ijyb
  4280 | D:5      | Entered Level 5 of the Dungeon
  4563 | D:5      | Noticed a necrophage
  4570 | D:5      | Killed a necrophage
  4571 | D:5      | Reached XP level 7. HP: 40/40 MP: 8/13
  4917 | D:5      | Reached skill level 1 in Shields
  4930 | D:5      | Learned a level 4 spell: Airstrike
  5151 | D:5      | Found a shimmering blue altar of Sif Muna.
  5462 | D:6      | Identified a scroll of acquirement
  5462 | D:6      | Acquired the +0 kite shield of Indemnity {rPois Regen+
                  | Str+4 Int-4}
  5668 | D:5      | Reached skill level 5 in Conjurations
  5668 | D:5      | Reached XP level 8. HP: 46/46 MP: 13/15
  6002 | D:6      | Learned a level 5 spell: Lightning Bolt
  6043 | D:6      | Found a staircase to the Ecumenical Temple.
  6048 | Temple   | Entered the Ecumenical Temple
  6571 | D:6      | Found a blossoming altar of Fedhas.
  7134 | D:7      | Got a masterwork ring mail
  7173 | D:7      | Found a bloodstained altar of Trog.
  7173 | D:7      | Found a sacrificial altar of Ru.
  7226 | D:6      | Identified the cursed +1 ring mail "Haaminusch" {Rampage
                  | Will+ Int+3} (You found it on level 7 of the Dungeon)
  7289 | D:7      | Found Rororew's Book Boutique.
  7297 | D:7      | Reached skill level 5 in Spellcasting
  7297 | D:7      | Reached XP level 9. HP: 52/52 MP: 11/17
  7354 | D:7      | Found a basalt altar of Yredelemnul.
  7507 | D:7      | Reached skill level 5 in Fighting
  9054 | D:8      | Reached skill level 1 in Long Blades
  9694 | D:8      | Reached skill level 5 in Shields
  9716 | D:8      | Reached XP level 10. HP: 44/59 MP: 11/20
  9896 | D:9      | Found a stormy altar of Qazlal.
  9912 | D:9      | Found a radiant altar of Vehumet.
  9920 | D:9      | Became a worshipper of Vehumet
 10046 | D:9      | Found a flagged portal.
 10076 | Bailey   | Entered a bailey
 10752 | Bailey   | Identified the ring of Bollup {Wiz Str+2 Dex+2}
 11094 | D:9      | Found Yravip's Book Shop.
 11096 | D:9      | Found a runed translucent gate.
 11097 | D:9      | Noticed a cyclops
 11111 | D:9      | Killed a cyclops
 11271 | D:9      | Reached * piety under Vehumet
 11271 | D:9      | Offered knowledge of Magic Dart by Vehumet.
 11390 | D:9      | Learned a level 1 spell: Magic Dart
 11678 | D:9      | Noticed boracarina's ghost (journeyman HaHu)
 11684 | D:9      | Identified the +10 halberd "Koah" {vorpal, +Fly Int+3
                  | Stlth+}
 11694 | D:9      | Found a runed translucent gate.
 11694 | D:9      | Found a runed translucent gate.
 11697 | D:9      | Found a roughly hewn altar of Beogh.
 11863 | D:9      | Noticed a two-headed ogre
 12147 | D:9      | Killed a two-headed ogre
 12148 | D:9      | Reached skill level 10 in Air Magic
 12279 | D:9      | Learned a level 3 spell: Vampiric Draining
 12281 | D:9      | Learned a level 1 spell: Animate Skeleton
 12626 | D:10     | Entered Level 10 of the Dungeon
 12636 | D:10     | Paralysed by a hornet for 1 turns
 12677 | D:10     | Noticed a gargoyle
 12712 | D:10     | Killed a gargoyle
 12713 | D:10     | Reached XP level 11. HP: 64/64 MP: 13/22
 12842 | D:10     | Found a staircase to the Lair.
 12843 | D:10     | Noticed a death yak
 12843 | D:10     | Noticed a death yak
 12877 | D:10     | Killed a death yak
 12878 | D:10     | Reached skill level 5 in Long Blades
 13091 | D:10     | Noticed a death yak
 13091 | D:10     | Noticed a death yak
 13097 | D:10     | Noticed a death yak
 13098 | D:10     | Noticed a death yak
 13344 | D:10     | Found a staircase to the Orcish Mines.
 13665 | D:10     | Reached skill level 10 in Conjurations
 13835 | Lair:1   | Entered Level 1 of the Lair of Beasts
 13946 | Lair:1   | Reached skill level 1 in Necromancy
 14252 | Lair:1   | Offered knowledge of Foxfire by Vehumet.
 14259 | Lair:1   | Learned a level 1 spell: Foxfire
 14449 | Lair:1   | Reached ** piety under Vehumet
 14611 | Lair:1   | Noticed a five-headed hydra
 14621 | Lair:1   | Killed a five-headed hydra
 14809 | Lair:2   | Noticed an eight-headed hydra
 15009 | Lair:2   | Noticed a catoblepas
 15122 | Lair:2   | Killed an eight-headed hydra
 15299 | Lair:1   | Reached XP level 12. HP: 72/72 MP: 11/25
 15497 | Lair:2   | Killed a catoblepas
 15565 | Lair:2   | Noticed a five-headed hydra
 15715 | Lair:2   | Found a runed translucent door.
 15716 | Lair:2   | Noticed Elebi's ghost (journeyman DrTm)
 15740 | Lair:2   | Killed Elebi's ghost
 16057 | Lair:2   | You are sucked into a shaft and drop 2 floors!
 16081 | Lair:4   | Noticed a catoblepas
 16100 | Lair:4   | Killed a catoblepas
 16101 | Lair:4   | Reached skill level 5 in Necromancy
 16272 | Lair:4   | Offered knowledge of Frozen Ramparts by Vehumet.
 16277 | Lair:4   | Learned a level 3 spell: Frozen Ramparts
 16684 | Lair:3   | Reached skill level 1 in Ice Magic
 16700 | Lair:3   | Reached *** piety under Vehumet
 17155 | Lair:3   | Noticed an eight-headed hydra
 17174 | Lair:3   | Killed an eight-headed hydra
 17313 | Lair:3   | Noticed Rupert
 17365 | Lair:3   | Reached XP level 13. HP: 79/79 MP: 24/27
 17379 | Lair:3   | Offered knowledge of Mephitic Cloud by Vehumet.
 17394 | Lair:3   | Learned a level 3 spell: Mephitic Cloud
 17543 | Lair:3   | Noticed Snorg
 17558 | Lair:3   | Killed Snorg
 18241 | Lair:2   | Learned a level 4 spell: Summon Lightning Spire
 18244 | Lair:2   | Found a staircase to the Swamp.
 18382 | Lair:2   | Found a hole to the Spider Nest.
 18448 | Lair:2   | Reached skill level 1 in Summonings
 20182 | D:3      | Killed Stixsmaster's ghost
 20382 | D:9      | Reached **** piety under Vehumet
 20395 | D:8      | Killed boracarina's ghost
 21194 | Lair:3   | Reached skill level 10 in Spellcasting
 21251 | Lair:3   | Reached skill level 10 in Shields
 21459 | Lair:4   | Noticed Nessos
 21465 | Lair:4   | Killed Nessos
 22009 | Lair:5   | Found a viscous altar of Jiyva.
 22009 | Lair:5   | Found a staircase to the Slime Pits.
 22060 | Lair:5   | Reached XP level 14. HP: 67/87 MP: 29/29
 22129 | Lair:5   | Reached skill level 10 in Long Blades
 22324 | Lair:5   | Offered knowledge of Olgreb's Toxic Radiance by Vehumet.
 22671 | Lair:5   | Reached skill level 5 in Summonings
 22698 | Lair:5   | Reached skill level 10 in Fighting
 22988 | Lair:6   | Entered Level 6 of the Lair of Beasts
 23920 | Lair:5   | Learned a level 4 spell: Olgreb's Toxic Radiance
 24337 | Lair:6   | Reached skill level 1 in Poison Magic
 25402 | Lair:6   | Reached ***** piety under Vehumet
 25402 | Lair:6   | Offered knowledge of Fireball by Vehumet.
 25504 | Lair:6   | Learned a level 1 spell: Apportation
 25967 | Lair:6   | Reached skill level 1 in Translocations
 26629 | D:11     | Reached XP level 15. HP: 93/93 MP: 30/31
 26845 | D:11     | Noticed Erolcha
 26853 | D:11     | Killed Erolcha
 27193 | D:11     | Noticed Gastronok
 27205 | D:11     | Killed Gastronok
 27334 | D:11     | Learned a level 3 spell: Ozocubu's Armour
 27395 | D:11     | Found a runed translucent door.
 27728 | D:11     | Noticed a tengu reaver
 27816 | D:11     | Acquired a +2 demon blade of venom
 27955 | D:4      | Bought a scroll of brand weapon for 280 gold pieces
 28555 | D:12     | Got a transparent bronze ring
 28563 | D:12     | Identified the ring of Duto {rPois rF+++ MP+9 Dex-2 SInv}
                  | (You found it on level 12 of the Dungeon)
 28815 | D:12     | Found a hide-covered altar of Uskayaw.
 28816 | D:12     | Found an ornate altar of the Wu Jian Council.
 29398 | D:13     | Offered knowledge of Iskenderun's Battlesphere by Vehumet.
 29605 | D:13     | Cast into level 2 of the Abyss (a wizard)
 29608 | Abyss:2  | Found a corrupted altar of Lugonu.
 29635 | Abyss:2  | Found an iron altar of Okawaru.
 29654 | Abyss:2  | Noticed a tentacled starspawn
 29656 | Abyss:2  | Killed a tentacled starspawn
 29718 | Abyss:2  | Noticed a tentacled starspawn
 29750 | Abyss:2  | Collided with a crystal wall

Illustrated notes

Levels and vault maps discovered:
D:1:      onia_arrival_zoo_common, layout_loops_ring, kennysheep_pointless_box,
          serial_park_tiny_2
D:2:      layout_rooms, lemuel_round_altar, nicolae_gozag_seed_capital,
          general_overflow_altar, serial_bayou_lake_a
D:3:      layout_basic, nicolae_dithmenos_shadow_blocks,
          gammafunk_ghost_necromancy
D:4:      layout_basic, okawaru_gym_becter, serial_shops, shop, uniq_ijyb,
          uniq_blork_the_orc
D:5:      layout_basic, nicolae_overflow_crystal_walls, serial_curves,
          eino_curves_03, eino_curves_02, eino_curves_04, eino_curves_04,
          minmay_misc_feat_x
D:6:      layout_gridville, lemuel_doored_altar,
          minmay_temple_entry_gardened_gates
D:7:      layout_basic, marbit_many_paths, grunt_temple_overflow_open,
          serial_shops, nicolae_shop_stone, grunt_ministairs_12,
          kennysheep_small_circle
D:8:      layout_gridville
D:9:      layout_loops_corners, nicolae_qazlal_general_emergency,
          fiery_altar_vehumet, biasface_ghost_orc_armoury, serial_shops,
          shop_coins, enter_bailey_4, kennysheep_generic_room_16
D:10:     layout_big_octagon, dpeg_lair_monsters, david_orc_3,
          kennysheep_generic_room_11
D:11:     layout_cave_pods, minivault_13, uniq_erolcha, uniq_gastronok
D:12:     layout_basic, nzn_masters_of_martial_movement
D:13:     hangedman_cross_stitches, layout_loops_ring, david_vaults_1,
          onia_ninara_cookie
Temple:   eino_temple_lava
Lair:1:   cheibrodos_lair_river_kwai, layout_hall_layers,
          nicolae_quartered_pool_medium
Lair:2:   layout_regular_city, swamp_mist, nicolae_spider_entry_tight_spaces,
          gammafunk_ghost_grave, chequers_serial_rivers_micro_e,
          beast_lair_carwin_9
Lair:3:   layout_concentric_octagons, nicolae_lair_grove_arrangements,
          chequers_serial_rivers_micro_e, lemuel_fruit_tree,
          serial_bayou_shore_a, uniq_rupert, uniq_snorg
Lair:4:   layout_loops_ring, grunt_megastairs_3, minmay_lair_oklob_chamber,
          uniq_nessos
Lair:5:   layout_misc_corridors, slime_altar_1, st_stairs_10,
          serial_bayou_pond_e, cheibrodos_lair_caveside_slide,
          grunt_forest_large_clearing_hut, lemuel_fruit_fields,
          infiniplex_staircase_pool
Lair:6:   gammafunk_lair_ancient_temple, layout_regular_city
Abyss:2:  base:
Gauntlet

Skill      XL: |  1  2  3  4  5  6  7  8  9 10 11 12 13 14 15 |
---------------+----------------------------------------------+-----
Conjurations   | 2 3 4 5 6 8 9 10 | 10.0
Fighting       | 1 2 3 4 5 7 8 9 10 11 | 11.1
Dodging        | 3 4 |  4.1
Air Magic      | 5 6 7 9 10 | 10.0
Spellcasting   | 3 4 5 6 7 8 9 10 11 | 11.8
Shields        | 1 3 5 6 7 9 10 11 | 11.4
Long Blades    | 2 4 6 8 9 11 | 11.5
Necromancy     | 4 5 |  5.4
Ice Magic      | 2 4 |  4.0
Summonings     | 4 6 |  6.0
Poison Magic   | 3 4 |  4.5
Translocations | 1 3 |  3.0
Stealth        | |  2.0

Action                   |  1- 3 |  4- 6 |  7- 9 | 10-12 | 13-15 || total
-------------------------+-------+-------+-------+-------+-------++-------
Melee: Unarmed           |     3 |       |       |       |       ||     3
       Kick              |     2 |    21 |    26 |    84 |   173 ||   306
       Dagger            |     2 |       |       |       |       ||     2
       Peck              |     1 |     7 |    19 |    68 |   112 ||   207
       Rapier            |       |    55 |    55 |       |       ||   110
       Scimitar          |       |       |    50 |   248 |   303 ||   601
       Demon blade       |       |       |       |       |   154 ||   154
 Cast: Shock             |    63 |    77 |   239 |   213 |   151 ||   743
       Static Discharge  |       |       |     5 |     1 |    24 ||    30
       Lightning Bolt    |       |       |       |    74 |   192 ||   266
       Vampiric Draining |       |       |       |    35 |    50 ||    85
       Foxfire           |       |       |       |     4 |       ||     4
       Airstrike         |       |       |       |     6 |     7 ||    13
       Frozen Ramparts   |       |       |       |     2 |     4 ||     6
       Summon Lightning  |       |       |       |       |     6 ||     6
       Mephitic Cloud    |       |       |       |       |     6 ||     6
       Apportation       |       |       |       |       |     2 ||     2
       Olgreb's Toxic Ra |       |       |       |       |     6 ||     6
       Ozocubu's Armour  |       |       |       |       |     4 ||     4
 Abil: Fly               |       |     1 |       |       |     1 ||     2
       Stop Flying       |       |       |       |       |     1 ||     1
Evoke: Wand              |       |       |     1 |     9 |     8 ||    18
       Lightning rod     |       |       |       |       |     3 ||     3
  Use: Scroll            |       |     7 |     9 |    10 |    24 ||    50
       Potion            |       |       |       |     2 |     2 ||     4
 Stab: Sleeping          |       |     1 |     2 |     1 |     1 ||     5
       Paralysed         |       |       |       |     2 |     4 ||     6
Armor: Robe              |    10 |       |       |       |       ||    10
       Leather armour    |       |    26 |    34 |       |       ||    60
       Ring mail         |       |       |    23 |   106 |   133 ||   262
Dodge: Dodged            |    30 |    48 |   129 |   280 |   241 ||   728
       Repelled          |       |     1 |     6 |       |     1 ||     8
Block: Buckler           |       |       |    41 |   120 |    28 ||   189
       Kite shield       |       |       |       |       |   387 ||   387
       Reflection        |       |       |       |       |     6 ||     6
       Rpst.: Scimitar   |       |       |    13 |    63 |    41 ||   117
       Demon blade       |       |       |       |       |    11 ||    11
